AoeStats
← SeYYedHaMed

Black Forest

507677694Analyzed
4v4 RM · 14d ago on Sep 19, 2026· 44m 30s· 8 players
Game mode
Random Map
Map size
Large (8 player)
Population
200
Speed
Normal
Resources
Standard
Victory
Conquest
Starting age
Dark Age
Ending age
Imperial Age
RankedLock teamsTeams togetherTeam positionsShared explorationLock speedFull tech treeHidden civsTurbo modeCheats
Victory
Defeat
🇨🇳 Goths · China
659
+10
🇨🇳 Ethiopians · China
649
+11
🇮🇳 Vietnamese · India
611
+12
🇹🇼 Cumans · Taiwan
592
+13
🇨🇳 Mongols · China
562
-13
🇧🇷 Persians · Brazil
518
-11
🇹🇼 Tatars · Taiwan
516
-11
🇺🇸 Armenians · United States
509
-11
betalbaadshah
0:39 Loom
15:45 Feudal Age
16:28 Double-Bit Axe
16:27 Horse Collar
16:43 Gold Mining
16:48 Stone Mining
18:24 Wheelbarrow
18:21 Town Watch
25:59 Castle Age
25:40 Fishing Lines
27:14 Bow Saw
27:09 Heavy Plow
27:47 Stone Shaft Mining
27:17 Gillnets
27:23 Gillnets
28:17 Hand Cart
28:04 Town Patrol
28:12 Town Patrol
33:36 Imperial Age
31:24 Caravan
36:58 Two-Man Saw
36:01 Arson
36:16 Squires
37:01 Capped Ram
38:28 Elite Rattan Archer
40:57 Elite Skirmisher
41:43 Thumb Ring
42:54 Guilds
44:26 Imperial Skirmisher
iiiqq-qwzaa---q
13:45 Feudal Age
14:27 Horse Collar
15:26 Wheelbarrow
14:54 Double-Bit Axe
25:04 Castle Age
24:18 Stone Mining
24:20 Gold Mining
24:32 Fletching
24:43 Padded Archer Armor
27:11 Gold Shaft Mining
26:54 Hand Cart
27:22 Bow Saw
27:14 Heavy Plow
27:14 Bodkin Arrow
27:35 Leather Archer Armor
33:41 Imperial Age
32:06 Steppe Husbandry
32:41 Forging
32:36 Scale Barding Armor
34:07 Elite Kipchak
36:16 Two-Man Saw
36:05 Crop Rotation
36:39 Chemistry
35:49 Cavalier
37:12 Paladin
39:44 Ballistics
41:13 Chain Barding Armor
41:29 Iron Casting
41:24 Ring Archer Armor
43:27 Light Cavalry
44:19 Bloodlines
暗夜惜黎
12:56 Feudal Age
13:20 Horse Collar
13:29 Double-Bit Axe
17:24 Wheelbarrow
24:22 Castle Age
23:43 Gold Mining
25:21 Padded Archer Armor
25:27 Heavy Plow
25:52 Bow Saw
26:25 Gold Shaft Mining
29:26 Caravan
32:56 Imperial Age
32:25 Forging
32:18 Squires
32:04 Arson
35:44 Chemistry
34:49 Town Watch
36:59 Torsion Engines
美少女王兔
2:29 Loom
12:07 Feudal Age
16:02 Castle Age
14:23 Horse Collar
15:09 Double-Bit Axe
18:50 Bow Saw
18:41 Heavy Plow
23:45 Wheelbarrow
25:54 Gold Mining
26:44 Hand Cart
30:17 Imperial Age
29:27 Squires
28:49 Pikeman
29:41 Scale Barding Armor
29:37 Scale Mail Armor
30:37 Stone Mining
32:10 Two-Man Saw
31:41 Crop Rotation
30:53 Halberdier
32:39 Chain Barding Armor
32:36 Chain Mail Armor
34:14 Conscription
33:57 Anarchy
33:21 Elite Huskarl
34:03 Perfusion
35:33 Stone Shaft Mining
jordanm708
20:11 Feudal Age
20:43 Horse Collar
21:43 Wheelbarrow
20:58 Double-Bit Axe
21:06 Gold Mining
23:01 Man-at-Arms
23:54 Long Swordsman
25:43 Stone Mining
26:51 Arson
39:04 Forging
38:55 Scale Mail Armor
38:46 Fletching
38:57 Padded Archer Armor
41:37 Castle Age
42:40 Hand Cart
42:28 Heavy Plow
42:49 Bow Saw
43:19 Gold Shaft Mining
42:48 Caravan
43:26 Iron Casting
42:47 Bodkin Arrow
43:08 Leather Archer Armor
43:08 Chain Mail Armor
42:20 Crossbowman
刺猬
1:36 Loom
11:24 Feudal Age
12:00 Double-Bit Axe
12:05 Horse Collar
21:19 Castle Age
20:23 Stone Mining
20:27 Gold Mining
22:25 Bow Saw
22:16 Heavy Plow
25:28 Stone Shaft Mining
26:22 Wheelbarrow
26:07 Fervor
29:24 Gold Shaft Mining
29:32 Caravan
31:21 Hand Cart
32:41 Nomads
36:30 Imperial Age
34:43 Forging
34:33 Scale Mail Armor
34:38 Scale Barding Armor
34:24 Fletching
36:36 Elite Mangudai
37:37 Drill
37:40 Conscription
38:39 Hoardings
40:13 Ballistics
40:53 Chemistry
39:49 Murder Holes
40:01 Siege Engineers
40:03 Husbandry
40:55 Masonry
40:46 Bodkin Arrow
40:52 Padded Archer Armor
41:03 Scale Barding Armor
41:28 Bloodlines
mainaumainau
0:48 Loom
15:18 Feudal Age
15:40 Horse Collar
16:18 Double-Bit Axe
22:10 Gold Mining
23:30 Stone Mining
28:43 Castle Age
27:28 Padded Archer Armor
28:29 Forging
29:18 Bloodlines
29:17 Scale Barding Armor
31:12 Wheelbarrow
30:46 Husbandry
31:58 Leather Archer Armor
31:36 Fletching
33:55 Wheelbarrow
34:51 Chain Barding Armor
35:51 Ballistics
37:04 Iron Casting
36:26 Bodkin Arrow
39:30 Coinage
39:48 Light Cavalry
40:56 Hand Cart
41:03 Masonry
41:04 Fortified Wall
43:47 Murder Holes
SeYYedHaMed
18:05 Feudal Age
19:28 Wheelbarrow
21:21 Horse Collar
21:29 Double-Bit Axe
23:21 Fishing Lines
32:22 Castle Age
33:13 Man-at-Arms
Connection lost

Rejoining the realm…

Still unreachable

The connection could not be restored.

Session expired

The server has moved on; the page needs a fresh start.